 Dungeon Crawl Stone Soup version 0.28.0-62-gf88900778d (webtiles) character file.

Game seed: 18332041260060444912

15 cbfl8 the Sneak (level 2, 0/14 HPs)
             Began as a Spriggan Brigand on June 1, 2023.
             Succumbed to an adder's poison
             ... on level 2 of the Dungeon.
             The game lasted 00:00:58 (918 turns).

cbfl8 the Sneak (Spriggan Brigand)                   Turns: 918, Time: 00:00:58

Health: 0/14       AC:  3    Str:  7    XL:     2   Next: 34%
Magic:  3/3        EV: 16    Int: 12    God:
Gold:   8          SH:  0    Dex: 16    Spells: 1/1 levels left

rFire   . . .      SeeInvis +   a - +2 dagger
rCold   . . .      Faith    .   (no shield)
rNeg    . . .      Spirit   .   b - +0 robe
rPois   .          Reflect  .   (helmet restricted)
rElec   .          Harm     .   c - +0 cloak
rCorr   .          Rampage  .   (gloves unavailable)
Will    .....                   (boots unavailable)
Stlth   ++........              (no amulet)
HPRegen 0.04/turn               (no ring)
MPRegen 0.08/turn               (no ring)

@: lethally poisoned (0 -> -3), silenced, hasted, very quick
A: very small, no large weapons, unfitting armour, see invisible, speed 3
a: no special abilities


You were on level 2 of the Dungeon.
You visited 1 branch of the dungeon, and saw 2 of its levels.

You collected 8 gold pieces.

Inventory:

Hand Weapons
 a - a +2 dagger (weapon)
Missiles
 d - 5 poisoned darts (quivered)
 e - 2 curare-tipped darts
Armour
 b - a +0 robe (worn)
 c - a +0 cloak (worn)
Scrolls
 f - a scroll of enchant armour {unknown}
 h - a scroll of immolation {unknown}
 j - a scroll of fear {unknown}


   Skills:
 + Level 1.6 Fighting
 + Level 2.4 Short Blades
 + Level 2.1 Throwing
 + Level 1.3 Dodging
 + Level 6.4 Stealth
 * Level 1.0 Evocations


You had one spell level left.
You didn't know any spells.
Your spell library was empty.

Dungeon Overview and Level Annotations

Branches:
Dungeon (2/15)

Altars:


Innate Abilities, Weirdness & Mutations

You are very small and have problems with some larger weapons.
You are too small for most types of armour.
You have supernaturally acute eyesight. (SInv)
You cover ground extremely quickly. (Speed+++)


Message History

The adder bites you but does no damage.
You closely miss the adder.
The adder is lightly wounded.
The adder bites you but does no damage.
You closely miss the adder.
The adder is lightly wounded.
The adder bites you but does no damage. The adder misses you.
Throw: 6 darts (poison)
Press: ? - help, Q - select action, (/) - cycle Shift-Dir - straight line, f - frilled lizard, p - adder
Aim: a frilled lizard (42% to hit)
You throw a poisoned dart.
The poisoned dart misses the frilled lizard.
The frilled lizard barely misses you. The adder bites you.
You are poisoned.
The adder poisons you!
You closely miss the frilled lizard.
You feel sick.
The adder looks more healthy.
The adder misses you.
The frilled lizard completely misses you.
Unknown command.
You hit the frilled lizard but do no damage.
You feel sick. The adder barely misses you.
The frilled lizard barely misses you.
Unknown command.
You hit the frilled lizard.
You kill the frilled lizard!
You feel sick. The adder bites you.
* * * LOW HITPOINT WARNING * * *
It was a potion of haste.
You feel yourself speed up.
You feel sick. The adder closely misses you.
As you read the scroll labelled CUSIF JEOK, it crumbles to dust.
A profound silence engulfs you.
It was a scroll of silence.
You feel sick.
You are no longer poisoned.
The adder barely misses you. The adder bites you.
* * * LOW HITPOINT WARNING * * *
You are lethally poisoned!
The adder poisons you!
You completely miss the adder.
The adder is moderately wounded.
You die...

#..............
#..............
#..............
#..............
#..............
#......<.(.....
#####..(.......
####S.........
#...@..(#.....
#.............
#.............
#.............
#..............
#.............
#............
#...........#


You could see an adder.

Vanquished Creatures
  2 endoplasms
  2 goblins (D:1)
  A hobgoblin (D:1)
  2 kobolds (D:1)
  6 ball pythons (D:1)
  A frilled lizard (D:2)
14 creatures vanquished.

Notes
Turn   | Place    | Note
-------+----------+-------------------------------------------
     0 | D:1      | cbfl8 the Spriggan Brigand began the quest for the Orb.
     0 | D:1      | Reached XP level 1. HP: 10/10 MP: 2/2
    78 | D:1      | Reached skill level 6 in Stealth
   379 | D:1      | Reached XP level 2. HP: 14/14 MP: 3/3
   787 | D:1      | Reached skill level 1 in Evocations
   918 | D:2      | Succumbed to an adder's poison

Illustrated notes

Levels and vault maps discovered:
D:1:      sevenhm_arrival_forest_fort_small_6, layout_loops_cross,
          kennysheep_another_room, minmay_small_reverse_x
D:2:      layout_basic, basic_altar, nicolae_ecumenical_snake_handling,
          hex_medium

Skill      XL: |  1  2 |
---------------+-------+-----
Stealth        | 6 |  6.4
Evocations     | 1 |  1.0
Fighting       | |  1.6
Short Blades   | |  2.4
Throwing       | |  2.1
Dodging        | |  1.3

Action                   || total
-------------------------++-------
Melee: Dagger            ||    44
Throw: Dart              ||     3
  Use: Scroll            ||     1
       Potion            ||     1
 Stab: Sleeping          ||     5
Armor: Robe              ||     6
Dodge: Dodged            ||    24
